 Dungeon Crawl Stone Soup version 0.22.1-7-g5c428e7 (webtiles) character file.

323 nicolaieve the Basher (level 6, -3/51 HPs)
             Began as a Minotaur Berserker on Feb 4, 2019.
             Was a Believer of Trog.
             Slain by a river rat (4 damage)
             ... in a sewer.
             The game lasted 00:04:56 (2143 turns).

nicolaieve the Basher (Minotaur Berserker)          Turns: 2143, Time: 00:04:58

Health: -3/51      AC:  6    Str: 23    XL:     6   Next: 23%
Magic:  5/5        EV: 10    Int:  4    God:    Trog [**....]
Gold:   109        SH:  0    Dex: 10    Spells: 5/5 levels left

rFire    . . .     SeeInvis .   a - +0 mace
rCold    . . .     Gourm    .   (no shield)
rNeg     . . .     Faith    .   u - +0 scale mail
rPois    .         Spirit   .   (helmet restricted)
rElec    .         Reflect  .   (no cloak)
rCorr    .         Harm     .   (no gloves)
MR       .....                  (no boots)
Stlth    ..........             (no amulet)
HPRegen  0.17/turn              (no ring)
MPRegen  0.09/turn              (no ring)

@: lethally poisoned (-3 -> -5)
A: retaliatory headbutt, horns 2
a: Berserk, Trog's Hand, Renounce Religion


You were in a sewer.
You worshipped Trog.
Trog was pleased with you.
You were not hungry.

You visited 1 branch of the dungeon, and saw 3 of its levels.
You also visited: Sewer.

You collected 109 gold pieces.

Inventory:

Hand Weapons
 a - a +0 mace (weapon)
Armour
 b - a +0 animal skin
 k - a +0 ring mail
 u - a +0 scale mail (worn)
Jewellery
 t - an uncursed ring of ice {unknown}
Wands
 r - a wand of iceblast (5)
Scrolls
 d - 3 scrolls of amnesia {unknown}
 j - 3 scrolls of remove curse {unknown}
 l - a scroll of identify {unknown}
 o - a scroll of fear {unknown}
 p - 3 scrolls of teleportation {unknown}
 q - 2 scrolls of enchant weapon {unknown}
 s - a scroll of magic mapping {unknown}
Potions
 e - 3 potions of might {unknown}
 g - 2 potions of agility {unknown}
 h - a potion of curing {unknown}
 i - 2 potions of invisibility {unknown}
 m - 3 potions of mutation {unknown}
 n - a potion of degeneration {unknown}
 v - a potion of heal wounds {unknown}
Comestibles
 c - 5 rations
 f - 4 chunks of flesh


   Skills:
 - Level 3.6 Fighting
 + Level 8.5 Maces & Flails
 - Level 2.4 Armour
 - Level 2.1 Dodging


You had 5 spell levels left.
You didn't know any spells.
Your spell library was empty.

Dungeon Overview and Level Annotations

Branches:
Dungeon (3/15)

Altars:
Ashenzari
Cheibriados
Nemelex Xobeh
Okawaru
Wu Jian
The Shining One


Innate Abilities, Weirdness & Mutations

You reflexively headbutt those who attack you in melee.
You have a pair of horns on your head.


Message History

The ball python constricts you. The rat bites you but does no damage.
The adder bites you but does no damage.
You closely miss the rat. The river rat bites you.
* * * LOW HITPOINT WARNING * * *
The ball python bites you but does no damage.
* * * LOW HITPOINT WARNING * * *
The ball python constricts you. The adder bites you.
* * * LOW HITPOINT WARNING * * *
The rat bites you but does no damage.
You escape the ball python's grasp.
The ball python barely misses you. You furiously retaliate!
You headbutt the ball python!
You kill the ball python!
Trog accepts your kill. The adder bites you.
* * * LOW HITPOINT WARNING * * *
You are lethally poisoned!
The adder poisons you!
* * * LOW HITPOINT WARNING * * *
You feel sick. The river rat bites you.
You die...

#........## #.....
...........##......##≈≈≈
.≈............≈≈≈.≈≈≈≈≈≈
≈≈..≈.≈.≈≈.≈≈≈≈≈≈≈≈≈≈≈≈≈
≈≈≈≈≈≈≈≈≈≈rr≈≈≈≈≈≈≈≈≈≈≈≈≈
≈≈≈≈≈≈≈≈≈≈≈≈≈≈≈≈≈≈≈≈≈≈≈≈≈≈
≈≈≈≈≈≈.≈.≈.rr≈≈≈≈≈≈≈≈≈≈≈≈≈
≈≈≈≈≈≈≈..rSr.≈≈≈≈≈≈≈≈≈≈≈≈≈
...≈≈....@.r..≈≈.≈.≈≈≈≈≈≈≈
..................≈.≈≈≈≈.≈
..........................
#........................
##.......##..............
#...##..#####......###..#
∩..## ##..######...## ####
## ##..∩# ##### #####


You could see an adder, a river rat and 6 rats.

Vanquished Creatures
  Sigmund (D:2)
  Jessica (D:2)
  2 river rats
  2 adders
  An ooze (D:3)
  2 worms
  2 leopard geckos (D:3)
  7 orcs (D:3)
  5 giant cockroaches
  12 goblins
  7 hobgoblins
  A quokka (D:3)
  4 ball pythons (Sewer)
  11 bats
  3 frilled lizards
  6 kobolds
  6 rats
73 creatures vanquished.

Notes
Turn   | Place    | Note
-------+----------+-------------------------------------------
     0 | D:1      | nicolaieve the Minotaur Berserker began the quest for the
                  | Orb.
     0 | D:1      | Reached XP level 1. HP: 19/19 MP: 0/0
   234 | D:1      | Reached skill level 4 in Maces & Flails
   316 | D:1      | Reached XP level 2. HP: 24/26 MP: 1/1
   973 | D:2      | Noticed Sigmund
   991 | D:2      | Killed Sigmund
   991 | D:2      | Reached skill level 7 in Maces & Flails
   991 | D:2      | Reached XP level 3. HP: 15/31 MP: 2/2
   991 | D:2      | Reached XP level 4. HP: 19/39 MP: 3/3
   991 | D:2      | Reached XP level 5. HP: 22/45 MP: 4/4
  1164 | D:2      | Noticed Jessica
  1176 | D:2      | Killed Jessica
  1218 | D:2      | Reached ** piety under Trog
  1245 | D:2      | Reached skill level 8 in Maces & Flails
  1595 | D:3      | Reached XP level 6. HP: 51/51 MP: 5/5
  1724 | D:3      | Found a faded altar of an unknown god.
  1763 | D:3      | Found an ornate altar of the Wu Jian Council.
  1763 | D:3      | Found a snail-covered altar of Cheibriados.
  1763 | D:3      | Found a sparkling altar of Nemelex Xobeh.
  1764 | D:3      | Found a shattered altar of Ashenzari.
  1765 | D:3      | Found a glowing golden altar of the Shining One.
  1766 | D:3      | Found an iron altar of Okawaru.
  2044 | D:3      | Found a glowing drain.
  2053 | Sewer    | Entered a sewer
  2142 | Sewer    | HP: 2/51 [adder (2)]
  2143 | Sewer    | Slain by a river rat

Skill      XL: |  1  2  3  4  5 |
---------------+----------------+-----
Maces & Flails | 4 7 8 |  8.5
Fighting       | |  3.6
Armour         | |  2.4
Dodging        | |  2.1

Action                   |  1- 3 |  4- 6 || total
-------------------------+-------+-------++-------
Melee: Mace              |    34 |   116 ||   150
       Headbutt          |     6 |    20 ||    26
Invok: Berserk           |     1 |       ||     1
 Stab: Sleeping          |     1 |       ||     1
  Eat: Chunk             |       |     5 ||     5
Armor: Animal skin       |     9 |       ||     9
       Ring mail         |     4 |    20 ||    24
       Scale mail        |       |    37 ||    37
Dodge: Dodged            |    28 |    56 ||    84
